[Event "SVK ECo-C Extraliga 2021-22"]
[Site "Slovakia"]
[Date "2022.06.11"]
[Round "10"]
[White "Saric, Ivan"]
[Black "Babula, Vlastimil"]
[Result "1/2-1/2"]
[ECO "B41"]
[WhiteElo "2693"]
[BlackElo "2576"]
[Annotator "TA"]
[PlyCount "56"]
[EventDate "2021.10.21"]
[EventType "team-tourn"]
[EventCountry "SVK"]
[SourceTitle "playchess.com"]
[Source "ChessBase"]
[SourceQuality "1"]
[TimeControl "40/5400+30:1800+30"]

1. e4 c5 2. Nf3 e6 3. d4 cxd4 4. Nxd4 a6 5. a3 b5 6. a4 {[%emt 0:00:30] [#] B41: Sicilian: Kan Variation: 5 c4.} bxa4 $146 ({Predecessor:} 6... b4 7. Bd3 Bb7 8. O-O Ne7 9. Qh5 Nec6 10. Nxc6 Nxc6 11. Nd2 Qa5 12. Qh3 Ne5 13. b3 {1-0 (37) Hakobyan,A (2612)-Blomqvist,E (2550) Fagernes 2022}) 7. Bd3 Bb7 8. O-O {[%emt 0:00:30] White is slightly better.} Nc6 9. Rxa4 Nf6 10. Nc3 Bd6 11. Be3 Nxd4 12. Bxd4 {[%emt 0:00:30] [#] Strongly threatening e5.} Qb8 13. h3 Be5 14. Bxe5 Qxe5 15. Qa1 {[%emt 0:00:30] And now Qa3 would win.} O-O 16. Ra5 Qc7 17. Re1 d6 18. Rg5 ({Wrong is} 18. Bxa6 $2 Qb6 19. Rb5 (19. e5 $2 dxe5 20. Rb5 Qxa6 $19) 19... Qxa6 $19) 18... h6 19. Rg3 Rfc8 20. Nd1 a5 21. b3 {[%emt 0:00:30] [#] Threatens to win with Qxf6.} Kh8 22. Ne3 ({White should try} 22. c4 $11) 22... a4 $1 $15 {[%emt 0:00:30] Hoping for ...axb3.} 23. bxa4 Bc6 24. Ng4 Nxg4 ({Better is} 24... Rxa4 $17 25. Qd1 Nxe4 26. Bxe4 Rxe4 27. Rxe4 Bxe4 28. Nxh6 Bg6) 25. hxg4 Bxa4 26. Qd4 Qc5 27. Qxc5 Rxc5 28. Ra1 Bc6 {[%emt 0:00:30] Weighted Error Value: White=0.13 (very precise) /Black=0.10 (very precise)} 1/2-1/2

[Event "SVK ECo-C Extraliga 2021-22"]
[Site "Slovakia"]
[Date "2022.06.11"]
[Round "10"]
[White "Plat, Vojtech"]
[Black "Druska Juraj"]
[Result "1-0"]
[ECO "C01"]
[WhiteElo "2547"]
[BlackElo "2523"]
[Annotator "TA"]
[PlyCount "91"]
[EventDate "2021.10.21"]
[EventType "team-tourn"]
[EventCountry "SVK"]
[SourceTitle "playchess.com"]
[Source "ChessBase"]
[SourceQuality "1"]
[TimeControl "40/5400+30:1800+30"]

1. e4 e6 2. d4 d5 3. exd5 exd5 4. Bd3 c5 5. Qe2+ Be7 6. dxc5 Nf6 7. Nf3 O-O 8. O-O Bxc5 9. Bg5 {[%emt 0:00:07] C01: French: Exchange Variation.} Bg4 (9... h6 $5 10. Bxf6 Qxf6 $11) 10. h3 Bh5 11. g4 {[%emt 0:05:10] The position is equal.} Bg6 12. Bxg6 hxg6 13. Nc3 {[%emt 0:02:31] [#]} Nc6 $146 ({Predecessor:} 13... Qd6 14. Qe5 Qxe5 15. Nxe5 Bd4 16. Rfe1 Bxc3 17. bxc3 Ne4 18. Bc1 Nxc3 19. Nf3 Nc6 {0-1 (71) Bauch,S (1930)-Karmainski,A (2102) Ruhrgebiet 2017}) 14. Rad1 {[%emt 0:09:06][%cal Od1d5] Black must now prevent Rxd5!} (14. Na4 $5 b6 15. Rad1 $11) 14... Qd6 15. Kg2 {[%emt 0:03:57] Prevents Qg3+.} Rfe8 16. Qb5 a6 17. Qb3 (17. Qxb7 $2 Na5 18. Bf4 Qxf4 $19) 17... d4 $1 18. Bxf6 ({Avoid the trap} 18. Qxb7 $2 Na5 19. Nb5 axb5 20. Qxb5 Reb8 $19) 18... gxf6 19. Nb1 {[%emt 0:00:15] [#]} (19. Qd5 $15) 19... b5 (19... Nd8 $142 $1 {Strongly threatening ...Ne6.} 20. Nc3 Ne6) 20. Nbd2 $17 Re2 ({Black should play} 20... Nb4 $17 {Threatens to win with ...Nd5.} 21. Rfe1 Qc6) 21. Rfe1 $11 Rae8 22. Rxe2 $40 {[%emt 0:02:16][%mdl 128] White attacks.} Rxe2 23. Qd3 Qe7 24. Qxe2 Qxe2 25. Re1 {[%emt 0:00:03] [#]} d3 (25... Qe6 $1 $11 {keeps the balance.} 26. Rxe6 fxe6) 26. Rxe2 $16 {[%emt 0:00:04] White stays focused until the end.} dxe2 {[%emt 0:00:02][%mdl 4096] Endgame KBN-KNN} 27. Ne1 b4 28. c3 {[%emt 0:06:41] Prevents Bd4.} bxc3 29. bxc3 Ne5 30. Ne4 Be7 31. Ng3 Nc4 32. Kf3 ({Resist} 32. Nxe2 Kg7 33. Nc2 Bd6 $16) 32... Bc5 33. Kxe2 Nd6 (33... Kg7 {was necessary.} 34. Nc2 a5) 34. Nd3 $18 Bb6 35. Nb4 Kg7 36. Nxa6 Nb5 37. Ne4 f5 38. gxf5 {[%emt 0:00:03] White is clearly winning.} gxf5 39. a4 Na3 40. Nd2 Kf6 41. Nb4 {[%emt 0:30:08] Nd5+ is the strong threat.} Ke5 {[%emt 0:02:18] Inhibits Nd5.} 42. a5 Bc5 43. Nd3+ Kd6 44. Nxc5 Kxc5 45. h4 {[%emt 0:00:00] h5 would kill now.} Nb5 46. Kd3 {[%emt 0:00:00] Weighted Error Value: White=0.10 (very precise) /Black=0.35} 1-0

[Event "SVK ECo-C Extraliga 2021-22"]
[Site "Slovakia"]
[Date "2022.06.11"]
[Round "10"]
[White "Mihok, Oliver"]
[Black "Gazik, Viktor"]
[Result "1-0"]
[ECO "B69"]
[WhiteElo "2539"]
[BlackElo "2549"]
[Annotator "TA"]
[PlyCount "85"]
[EventDate "2021.10.21"]
[EventType "team-tourn"]
[EventCountry "SVK"]
[SourceTitle "playchess.com"]
[Source "ChessBase"]
[SourceQuality "1"]
[TimeControl "40/5400+30:1800+30"]

1. e4 c5 2. Nf3 d6 3. d4 cxd4 4. Nxd4 Nf6 5. Nc3 Nc6 6. Bg5 e6 7. Qd2 a6 8. O-O-O Bd7 9. f4 Be7 10. Nf3 b5 11. Bxf6 gxf6 12. f5 h5 {[%emt 0:09:57] B69: Sicilian: Richter-Rauzer: 7...a6 8 0-0-0 Bd7 9 f4 Be7 10 Nf3 b5 11 Bxf6.} 13. g3 Rc8 14. Kb1 Qa5 {[%emt 0:08:50] The position is equal.} 15. fxe6 fxe6 16. Bh3 Ne5 17. Nxe5 fxe5 18. Rhf1 b4 19. Ne2 Qc5 20. Nc1 $40 {[%emt 0:02:07][%mdl 128] White has some attack.} a5 21. Nd3 Qd4 22. Qe2 {[%emt 0:01:47] [#]} Qc4 $146 (22... a4 $11) ({Predecessor:} 22... a4 23. Nf4 Qc4 24. Qxc4 Rxc4 25. Nxe6 Bxe6 26. Bxe6 Rxe4 27. Rf2 Rf8 28. Rfd2 a3 29. bxa3 bxa3 {0-1 (42) Eynullayev,A (2246)-Gabrielian,A (2465) Moscow 2020}) 23. Rf2 (23. Qf2 $6 Kd8 $11) ({Better is} 23. b3 $1 $16 Qb5 24. Qg2) 23... a4 $14 24. Qf3 {[%emt 0:09:52][%cal Od3e5] aiming for Nxe5!} (24. b3 $5 Qc3 25. bxa4 $11 (25. Qf3 Kd8 $11)) 24... Rh7 (24... Kd8 $11 {remains equal.}) 25. Bf1 $16 {[%emt 0:05:14][%cal Od3e5] And now Nxe5! would win. White leaves nothing to chance now.} b3 26. cxb3 axb3 27. a3 ({Don't go for} 27. Nxe5 $2 Qc2+ $3 28. Rxc2 bxc2+ 29. Kc1 Bg5+ 30. Qf4 Bxf4+ 31. gxf4 cxd1=Q+ $19) 27... Bc6 ({Black should try} 27... Qc2+ 28. Rxc2 bxc2+ 29. Ka2 cxd1=N) 28. Re1 $1 ({Don't take} 28. Rc1 $6 Qd4 $14) 28... Qd4 {[%emt 0:00:43] [#]} 29. Nb4 $1 Bb7 30. Bb5+ Kd8 31. Rfe2 Bg5 $2 (31... d5) 32. Qxb3 Bd2 $2 (32... Ke7 33. Rd1 Qc5) 33. Rd1 $18 Bxe4+ {[%emt 0:00:02] [#]} 34. Ka2 $2 (34. Rxe4 $1 Qxe4+ 35. Bd3) 34... Qxb4 35. axb4 {[%emt 0:00:40] Chess con chili.} Ra7+ {[%emt 0:01:14] [#]} 36. Qa4 $3 Bd5+ {[%emt 0:00:22] This bishop pair is nice.} 37. Ka3 $1 Rxa4+ 38. Bxa4 Bg5 39. Rf2 Be3 (39... Kc7 {was worth a try.} 40. Rc2+ Kb7 41. Rxc8 Kxc8) 40. Rf7 {[%emt 0:00:32] Strongly threatening Rdf1.} Rc7 $2 (40... Rc4 41. Rdf1 Kc8 42. Bd7+ Kb8) 41. Rf8+ Ke7 42. Rdf1 Bf4 43. Re8+ {[%emt 0:00:00] Weighted Error Value: White=0.20 (precise) /Black=0.43} ({Not} 43. gxf4 Kxf8 44. fxe5+ Ke7 $14) 1-0

[Event "SVK ECo-C Extraliga 2021-22"]
[Site "Slovakia"]
[Date "2022.06.11"]
[Round "10"]
[White "Kozak, Adam"]
[Black "Mrva, Martin"]
[Result "1-0"]
[ECO "B07"]
[WhiteElo "2532"]
[BlackElo "2384"]
[Annotator "TA"]
[PlyCount "61"]
[EventDate "2021.10.21"]
[EventType "team-tourn"]
[EventCountry "SVK"]
[SourceTitle "playchess.com"]
[Source "ChessBase"]
[SourceQuality "1"]
[TimeControl "40/5400+30:1800+30"]

1. e4 d6 2. d4 a6 3. f4 c5 4. dxc5 Qa5+ 5. Nc3 {[%emt 0:00:30] [#]} dxc5 $146 ({Predecessor:} 5... Qxc5 6. Nf3 Bg4 7. h3 Bxf3 8. Qxf3 Nc6 9. Bd3 Nf6 10. Be3 Qa5 11. O-O e6 {0-1 (43) Ajrapetian,G (2434)-Dmitriev,I (2369) Voronezh 2010}) 6. Nf3 {[%emt 0:00:30] B07: Pirc Defence: Miscellaneous Systems.} Nf6 7. Bd2 {[%emt 0:00:30] Hoping for e5.} Qd8 8. e5 {[%emt 0:00:30] White is better.} Nd5 9. Bd3 {[%emt 0:00:30] Prevents Bf5.} g6 ({Black should play} 9... e6) 10. Be4 e6 11. O-O (11. Qe2 $142) 11... Nc6 (11... Nxc3 $142 12. Bxc3 Qxd1 13. Rfxd1 (13. Raxd1 Ra7 $16) 13... Nc6 14. Bxc6+ bxc6) 12. Be1 $16 Nxc3 13. Bxc6+ (13. Bxc3 Qc7 $16) (13. bxc3 Bd7 $16) 13... bxc6 14. Qxd8+ ({Much less strong is} 14. bxc3 Qxd1 15. Rxd1 Be7 $14) 14... Kxd8 15. Bxc3 a5 16. Rfd1+ Kc7 17. a4 Rg8 18. Nd2 g5 (18... Kb8 $142 19. Nc4 Be7 20. Nxa5 (20. Bxa5 Ba6 $18) 20... Kc7) 19. fxg5 $18 Rxg5 20. Nc4 Rg4 {[%emt 0:00:30] [#]} 21. b3 ({Not} 21. Nxa5 h5 22. h3 Re4 $16) ({Inferior is} 21. Bxa5+ Kb8 22. b3 (22. Ne3 Re4 $11) 22... Rxc4 23. bxc4 Rxa5 $11) 21... Bh6 22. Rf1 Rg7 23. Rad1 {[%emt 0:00:30] White is clearly winning.} Bg5 24. Bxa5+ Rxa5 25. Nxa5 Be3+ 26. Kh1 Bd4 27. Nc4 Ba6 28. Rde1 Bxc4 29. bxc4 Kb6 30. Rf3 Ka5 31. c3 {[%emt 0:00:30] Weighted Error Value: White=0.05 (flawless) /Black=0.40} 1-0

[Event "SVK ECo-C Extraliga 2021-22"]
[Site "Slovakia"]
[Date "2022.06.11"]
[Round "10"]
[White "Kozak, Adam"]
[Black "Jablonicky, Martin"]
[Result "1-0"]
[ECO "E60"]
[WhiteElo "2532"]
[BlackElo "2377"]
[Annotator "TA"]
[PlyCount "117"]
[EventDate "2021.10.21"]
[EventType "team-tourn"]
[EventCountry "SVK"]
[SourceTitle "playchess.com"]
[Source "ChessBase"]
[SourceQuality "1"]
[TimeControl "40/5400+30:1800+30"]

1. Nf3 Nf6 2. g3 g6 3. b3 Bg7 4. Bb2 O-O 5. Bg2 d6 6. d4 c5 7. c4 Qa5+ 8. Bc3 Qc7 9. Nbd2 cxd4 10. Nxd4 Nc6 11. O-O Nxd4 12. Bxd4 Bd7 {[%emt 0:00:40] [#]} 13. Nb1 $146 {[%emt 0:15:10] E60: King's Indian: Unusual lines and Fianchetto Variation without Nc3.} ({Predecessor:} 13. Rc1 Bc6 14. e4 Nd7 15. Be3 Qa5 16. Qc2 Rfc8 17. Nf3 Nc5 18. Nd4 Bd7 19. Qe2 a6 20. Rc2 b5 {1-0 (46) Lai,H (2459)-Pel,B (2281) Bruges 2018}) 13... Bc6 14. Nc3 Bxg2 15. Kxg2 {[%emt 0:00:15] White is slightly better.} Qa5 {[%emt 0:16:37] Threatens to win with ...e5.} 16. Rc1 Rfe8 17. a4 Rac8 18. Qd3 a6 19. Rfd1 h5 20. Qd2 h4 21. f3 Kh7 22. g4 Bh6 23. Be3 Bxe3 24. Qxe3 Kg7 25. Nd5 Nxd5 26. Rxd5 Rc5 27. Rxc5 {[%emt 0:00:20] White is more active.} Qxc5 28. Qxc5 dxc5 $16 {[%emt 0:00:04][%mdl 4096] Endgame KR-KR} 29. Rd1 {[%emt 0:00:07] Prevents Rd8.} b5 30. axb5 ({Don't play} 30. cxb5 axb5 31. g5 (31. axb5 Rb8 $11) 31... bxa4 32. bxa4 Ra8 $11) (30. Rd5 $1 $16) 30... axb5 $11 31. Rd5 bxc4 32. bxc4 Rc8 33. Kh3 e6 34. Re5 Ra8 (34... Kf6 $11 {and Black stays safe.} 35. f4 Ke7) 35. Kxh4 (35. Rxc5 $18 Ra2 36. Kxh4) 35... Ra2 ({Better is} 35... Ra5 $1 $14) 36. g5 (36. Rxc5 $16 Rxe2 37. Kg3) 36... Rc2 37. Re4 ({White should try} 37. Rxc5 $16 {Strongly threatening e4.} Rxe2 38. Kg3) 37... Kf8 38. Kg3 Ke7 39. h4 Kd6 (39... Rc1 $11) 40. Rf4 (40. h5 $1 $14 gxh5 41. Kh4) 40... Ke7 41. Re4 (41. Kf2 $11) 41... Kd6 $14 42. h5 $1 gxh5 43. Kh4 Rc1 44. Kxh5 {[%emt 0:00:12] Black must now prevent Kh6.} Rh1+ 45. Rh4 Re1 46. Kh6 Rxe2 47. Rf4 $1 Rh2+ 48. Kg7 Rg2 $2 {[%emt 0:00:04][%mdl 8192] [#]} (48... Rh5 $16) 49. Rg4 $1 {[%emt 0:01:08] White mates.} Ra2 50. Kxf7 Ke5 51. g6 Ra7+ 52. Ke8 ({Less strong is} 52. Kf8 Kf6 53. Ke8 Re7+ 54. Kd8 Rg7 $14) 52... Ra8+ {[%emt 0:00:37] [#]} 53. Kd7 $1 Ra7+ 54. Kc6 Rg7 55. Kxc5 Kf5 56. Kb6 e5 57. c5 e4 58. Rxe4 Rxg6+ 59. c6 {[%emt 0:00:05] Weighted Error Value: White=0.12 (very precise) /Black=0.25 (precise)} 1-0

[Event "SVK ECo-C Extraliga 2021-22"]
[Site "Slovakia"]
[Date "2022.06.11"]
[Round "10"]
[White "Neugebauer, Martin"]
[Black "Pulpan, Jakub"]
[Result "1-0"]
[ECO "B36"]
[WhiteElo "2505"]
[BlackElo "2418"]
[Annotator "TA"]
[PlyCount "95"]
[EventDate "2021.10.21"]
[EventType "team-tourn"]
[EventCountry "SVK"]
[SourceTitle "playchess.com"]
[Source "ChessBase"]
[SourceQuality "1"]
[TimeControl "40/5400+30:1800+30"]

1. e4 c5 2. Nf3 Nc6 3. d4 cxd4 4. Nxd4 g6 5. c4 Nf6 6. Nc3 d6 7. f3 Nxd4 8. Qxd4 Bg7 9. Be3 O-O 10. Qd2 Be6 11. Rc1 Rc8 12. b3 {[%emt 0:03:35] B36: Sicilian: Maroczy Bind: Gurgenidze System.} Nd7 13. Be2 a6 14. O-O {[%emt 0:01:30] White is better.} Kh8 15. Nd5 {[%emt 0:03:30] [#]} f5 $146 ({Predecessor:} 15... f6 16. Qb4 Bxd5 17. cxd5 Rc7 18. g3 Qb8 19. Rxc7 Qxc7 20. Rc1 Qb8 21. f4 Rc8 22. Rxc8+ Qxc8 {½-½ (83) Ochkoos,J (2305)-Ademi,S (2249) Toronto 2006}) 16. exf5 {[%emt 0:02:31] White is more active.} Bxf5 17. Rfd1 Nf6 18. Nb6 Rc6 19. Qb4 Qc7 20. a4 Be6 21. a5 Nd7 (21... d5 $142) 22. Nd5 Bxd5 23. cxd5 Rc3 24. Bd2 Rc5 25. Kh1 Nf6 {[%emt 0:09:57] [#]} 26. Rxc5 (26. Bc4 $1 $16) 26... dxc5 $14 27. Qc4 Rd8 28. Be1 Qd7 {[%emt 0:01:26] Black is on the road to losing.} (28... Ne8 $11 {remains equal.}) 29. Qxc5 $16 Nxd5 (29... Qc8 $16 30. Qxc8 (30. Qxe7 Re8 $11) 30... Rxc8) 30. Bh4 $18 {[%emt 0:00:42] And now Bc4 would win.} Qd6 $2 {[%emt 0:01:05] [#]} (30... Bf8 31. Bc4 e6 32. Qd4+ Bg7) 31. Bxe7 $1 Qxc5 32. Bxc5 Rd7 33. Bc4 Nb6 34. Rxd7 ({Weaker is} 34. Re1 Nxc4 35. bxc4 (35. Re8+ Bf8 $11) 35... Bc3 $11) 34... Nxd7 {[%emt 0:00:01][%mdl 4096] Endgame KBB-KBN} 35. Bd6 {[%emt 0:00:35] Threatens to win with Bd5.} Ne5 36. Bd5 Nc6 37. b4 Bc3 38. b5 Nxa5 39. bxa6 bxa6 40. f4 {[%emt 0:00:38][%cal Bf3f4,Bf4f5][%mdl 32] Hoping for g4.} Kg7 41. g4 h6 $2 (41... Kf6 {was necessary.} 42. Kg2 g5) 42. Kg2 {[%emt 0:00:00] White is clearly winning.} Kh7 43. Kf3 g5 44. f5 Kg7 45. Ke4 Kh7 46. Bc5 Bf6 47. Bb4 Bd8 48. Ke5 {[%emt 0:00:00] Weighted Error Value: White=0.09 (flawless) /Black=0.39} 1-0

[Event "SVK ECo-C Extraliga 2021-22"]
[Site "Slovakia"]
[Date "2022.06.11"]
[Round "10"]
[White "Nagy, Gabor"]
[Black "Istona, Martin"]
[Result "1-0"]
[ECO "E51"]
[WhiteElo "2503"]
[BlackElo "2216"]
[Annotator "TA"]
[PlyCount "47"]
[EventDate "2021.10.21"]
[EventType "team-tourn"]
[EventCountry "SVK"]
[SourceTitle "playchess.com"]
[Source "ChessBase"]
[SourceQuality "1"]
[TimeControl "40/5400+30:1800+30"]

1. d4 Nf6 2. c4 e6 3. Nc3 d5 4. Nf3 Bb4 5. e3 O-O 6. Bd2 b6 7. cxd5 exd5 8. Rc1 {[%emt 0:00:28] E51: Nimzo-Indian: Rubinstein: 4...0-0 5 Nf3 d5.} a6 9. Bd3 Bb7 10. O-O {[%emt 0:00:41] The position is equal.} Nbd7 11. Ne5 Nxe5 12. dxe5 Nd7 13. Qc2 {[%emt 0:13:46] [#]} (13. Qh5 g6 14. Qh3 Nxe5 $17) 13... g6 $146 ({Predecessor:} 13... Nxe5 14. Bxh7+ Kh8 15. f4 g6 16. fxe5 Kxh7 17. Ne4 Bxd2 18. Nf6+ Kg7 19. Qxd2 Qe7 {0-1 (54) Heinola,V (2278)-Agopov,M (2444) Helsinki 2022}) 14. f4 Re8 15. Be1 Bf8 (15... Nc5 $14 {is superior.}) 16. Rd1 Qe7 17. e4 {[%emt 0:01:41][%cal Be3e4,Be4d5][%mdl 32] White is more active.} d4 (17... c6 $16 {was called for.}) 18. Nd5 $18 Bxd5 19. exd5 Qc5 20. Bf2 Rad8 21. Qb3 b5 22. Bb1 Nb6 23. Be4 ({Much less strong is} 23. Rxd4 $6 Rxd5 24. Re4 Qc6 $16) (23. Bxd4 $6 Qxd5 24. Qc2 Nc4 $14) 23... Nxd5 (23... Qb4 $142) 24. Rc1 {[%emt 0:00:32][%mdl 64] Deflection.  Weighted Error Value: White=0.06 (flawless) /Black=0.21 (precise)} ({Don't take} 24. Rxd4 c6 25. Rxd5 cxd5 $18) ({Less strong is} 24. Bxd4 Qc4 $14) 1-0

[Event "SVK ECo-C Extraliga 2021-22"]
[Site "Slovakia"]
[Date "2022.06.11"]
[Round "10"]
[White "Zwardon, Vojtech"]
[Black "Piesik Piotr"]
[Result "0-1"]
[ECO "D10"]
[WhiteElo "2482"]
[BlackElo "2432"]
[Annotator "TA"]
[PlyCount "76"]
[EventDate "2021.10.21"]
[EventType "team-tourn"]
[EventCountry "SVK"]
[SourceTitle "playchess.com"]
[Source "ChessBase"]
[SourceQuality "1"]
[TimeControl "40/5400+30:1800+30"]

1. c4 c6 2. Nc3 d5 3. d4 Nf6 4. cxd5 cxd5 5. Bf4 Qb6 6. e3 Qxb2 {[%emt 0:02:10] D10: Slav Defence: 3 cxd5 (without early Nf3) and 3 Nc3.} 7. Bb5+ Bd7 8. Bxd7+ $1 (8. Qc1 Qxc1+ 9. Rxc1 Nc6 $15) 8... Nbxd7 {[%emt 0:00:02] White is slightly better.} ({Not} 8... Nfxd7 9. Nge2 (9. Nxd5 Na6 $14) 9... Qb4 10. Rb1 $16) 9. Nge2 Qa3 10. Rb1 $1 Rc8 ({Black should play} 10... b6 $1 $14) 11. O-O $1 $16 a6 (11... Nb6 $142) 12. Rxb7 e6 (12... Rxc3 $2 13. Nxc3 Qxc3 14. Rc7 Qxc7 15. Bxc7 $18) 13. Ra7 $1 Bb4 14. Nb5 Qxa2 {[%emt 0:01:27] [#]} 15. Nc7+ $146 ({Predecessor:} 15. Nc1 Qc4 16. Nc7+ Kf8 17. Nxa6 Kg8 18. Nd3 Bf8 19. Qb1 Qa4 20. Be5 Qc6 21. Nb8 Nxb8 {1-0 (48) Sargent,J (2212)-Sutton,A (2176) ICCF email 2018}) 15... Rxc7 (15... Ke7 $142) 16. Bxc7 $18 ({Don't play} 16. Rxc7 $6 O-O 17. Nc1 Qa3 $18) 16... O-O 17. Qd3 a5 18. Rb1 {[%emt 0:01:32] And now Rxb4 would win.} Qa4 19. h3 Ne4 {[%emt 0:01:25] [#]} 20. Bxa5 $1 Bxa5 {[%emt 0:00:05] [#]} 21. Qb5 ({White has to play} 21. Qd1 $1 $18 Qxd1+ 22. Rxd1) 21... Qxb5 $11 22. Rxb5 {[%emt 0:00:03] [#]} Be1 23. f3 (23. Rxd7 Bxf2+) 23... Nef6 24. Kf1 Bd2 25. Kf2 {[%emt 0:00:10] Rb2 is the strong threat.} Rb8 $1 26. Rxb8+ Nxb8 27. Rb7 Nfd7 28. Nf4 Kf8 29. Nd3 Ba5 30. Nc5 Ke7 31. Ke2 Bb6 32. Na4 {[%emt 0:00:08] [#]} Bd8 33. e4 Kd6 34. Kd3 Kc6 35. Rb1 Be7 36. Nc3 Na6 37. Rc1 Nb4+ 38. Ke3 $2 (38. Ke2 $17 {nothing else works.} Bg5 39. Rb1) 38... Bg5+ {[%emt 0:00:16] What a bad dream for White.  Weighted Error Value: White=0.28 (precise) /Black=0.08 (flawless)} 0-1

[Event "SVK ECo-C Extraliga 2021-22"]
[Site "Slovakia"]
[Date "2022.06.11"]
[Round "10"]
[White "Kraus, Tomas"]
[Black "Hujbert, Florian"]
[Result "1-0"]
[ECO "B40"]
[WhiteElo "2472"]
[BlackElo "2396"]
[Annotator "TA"]
[PlyCount "75"]
[EventDate "2021.10.21"]
[EventType "team-tourn"]
[EventCountry "SVK"]
[SourceTitle "playchess.com"]
[Source "ChessBase"]
[SourceQuality "1"]
[TimeControl "40/5400+30:1800+30"]

1. e4 c5 2. Nf3 e6 3. g3 Nc6 4. Bg2 Nf6 5. Qe2 e5 6. O-O {[%emt 0:01:32] B40: Sicilian: 2...e6, Unusual lines.} Be7 7. Na3 O-O 8. c3 {[%emt 0:03:06] The position is equal.} Re8 9. Nc4 Bf8 10. d3 d6 11. Bg5 h6 12. Bxf6 Qxf6 13. Ne3 Qd8 14. Nd2 Rb8 15. a4 a6 16. f4 exf4 {[%emt 0:00:20] [#]} 17. gxf4 $146 ({Predecessor:} 17. Rxf4 Be6 18. Raf1 Qa5 19. Qd1 b5 20. axb5 axb5 21. Nd5 Ne5 22. Qc2 Qa7 23. Ne3 {0-1 (30) Gajwa,A (2281)-Shyam,N (2450) Port Blair 2017}) 17... b5 18. axb5 (18. Qe1 {seems wilder.} bxa4 19. Rxa4 Rxb2 20. Ndc4) 18... axb5 19. Qf3 Bb7 20. Kh1 Kh8 21. Qg3 Ne7 22. d4 cxd4 23. cxd4 Nc6 (23... Ra8 $142) 24. Nb3 $11 Nb4 25. d5 Qf6 26. Qe1 Na6 ({Weaker is} 26... Nd3 27. Qd2 Nc5 28. Nxc5 dxc5 29. e5 $16) 27. Qd2 g6 (27... Rbc8 $14) 28. e5 dxe5 29. Ng4 $1 Qg7 30. fxe5 {[%emt 0:03:48] And now d6 would win.} h5 $2 {[%emt 0:04:16] [#]} (30... Rbd8 $16) 31. Nf6 $1 $18 Rxe5 {[%emt 0:00:19] [#]} 32. Nd7 $1 {[%emt 0:01:26][%csl LRb8,LRe5] Pair of Knights!} Bd6 33. Nxb8 Nxb8 34. Na5 ({Better is} 34. Ra7 $18 Re7 35. Na5) 34... Re7 {[%emt 0:01:57] Black cannot hold the game after this.} (34... Bc8 $16 35. Nc6 Re8 36. Nxb8 Bxb8) 35. Nc6 Bxc6 36. dxc6 Qe5 (36... Bc7 37. Rae1 Rxe1) 37. Bd5 {[%emt 0:01:34] White threatens Qh6+ and mate. Active counter play!} Bb4 38. Qh6+ {[%emt 0:00:27] Weighted Error Value: White=0.11 (very precise) /Black=0.53} 1-0

[Event "SVK ECo-C Extraliga 2021-22"]
[Site "Slovakia"]
[Date "2022.06.11"]
[Round "10"]
[White "Vykouk, Jan"]
[Black "Vetoshko, Volodymyr"]
[Result "1-0"]
[ECO "B11"]
[WhiteElo "2464"]
[BlackElo "2500"]
[Annotator "TA"]
[PlyCount "122"]
[EventDate "2021.10.21"]
[EventType "team-tourn"]
[EventCountry "SVK"]
[SourceTitle "playchess.com"]
[Source "ChessBase"]
[SourceQuality "1"]
[TimeControl "40/5400+30:1800+30"]

1. e4 c6 2. Nf3 d5 3. Nc3 dxe4 4. Nxe4 Nf6 5. Qe2 Nxe4 6. Qxe4 Qd5 {[%emt 0:00:07] B11: Caro-Kann: Two Knights Variation.} 7. Qh4 Qe6+ 8. Be2 Qg6 {[%emt 0:00:33][%csl LRc2,LRg2] The position is equal.} 9. Qc4 {[%emt 0:13:41] [#]} Nd7 $146 ({Don't do} 9... b5 10. Qc3 $16) ({Predecessor:} 9... Qxg2 10. Rg1 Qh3 11. Ng5 Qxh2 12. Qxf7+ Kd8 13. Rg3 h6 14. Nf3 Qh1+ 15. Bf1 Nd7 {1-0 (29) Stefanova,A (2474)-Girya,O (2457) Shaoxing 2019}) 10. O-O Nb6 11. Qb3 Qe6 12. Re1 {[%emt 0:00:26] And now c4 would win.} Qxb3 13. axb3 Nd5 14. c3 Bg4 15. d4 e6 16. b4 Bd6 17. h3 Bh5 18. Bd2 (18. b5 $16) 18... O-O $14 19. g4 Bg6 20. Ne5 a6 21. h4 f6 22. Nd7 Rfe8 23. Nc5 Bxc5 24. bxc5 e5 25. c4 Nc7 26. dxe5 fxe5 27. Bf1 (27. h5 $5 Bf7 28. Bf1 $16) 27... Ne6 28. Rxe5 Nd4 29. Rxe8+ Rxe8 30. Bc3 Re4 31. f3 Nxf3+ 32. Kg2 Ne5 ({Much less strong is} 32... Nxh4+ 33. Kg3 $16) 33. Bxe5 Rxe5 $11 {[%emt 0:00:03][%mdl 4096] Endgame KRB-KRB} 34. Rd1 h5 35. gxh5 Bxh5 36. Rd7 a5 37. Rxb7 Rxc5 38. Rc7 Bg6 39. Kg3 Kh7 40. Be2 Bc2 41. Kf4 Kh6 42. Re7 Rf5+ 43. Ke3 $1 Rf6 {[%emt 0:03:44] Inhibits Re6.} 44. Re5 a4 45. Bf3 Rd6 (45... g6 $14) 46. Rh5+ $16 Kg6 {[%emt 0:01:12] [#]} 47. Rg5+ (47. Rc5 $1 $16 Rd3+ 48. Kf4 Rd4+ 49. Ke5 Rxh4 50. Rxc6+ Kg5 51. Rc7) 47... Kf7 48. Rc5 Rd3+ 49. Kf4 Rb3 50. Rxc6 Rxb2 51. Bd5+ Ke7 {[%emt 0:00:46] [#]} (51... Kf8 $16 {might work better.}) 52. Ke5 $1 $18 {[%emt 0:00:00] Hoping for Rc7+.} a3 $2 (52... Rb4 $16 53. Rc7+ Ke8 54. Rxg7 Bb3) 53. Rc7+ Kd8 $2 (53... Kf8 54. Rf7+ Kg8 55. Ra7+ Kh7) 54. Ra7 {[%emt 0:00:00] Black must now prevent Kd6.} Rb6 55. c5 Rh6 56. Rxa3 {[%emt 0:00:00] Threatens to win with Ra7.} Rxh4 (56... Bd1 $18 57. Ra8+ Kc7 58. Ra7+ Kc8 59. Rxg7 Ba4 60. Be6+ Kb8) 57. Ra8+ $2 (57. Ra7 {mates} g5 58. Kd6 Rh6+ 59. Be6 (59. Ke5 Rh7 $16) 59... Be4 60. Rg7 Rxe6+ 61. Kxe6 Bg2 62. Kd6) 57... Kc7 $2 (57... Kd7 $16) 58. Ra7+ Kb8 59. Rb7+ Kc8 60. Rxg7 $2 (60. Re7 $18 {and the rest is easy. Kd6 would kill now.} Ba4 61. Rxg7) 60... Rh7 $2 (60... Ba4 $16) 61. Rxh7 Bd3 {[%emt 0:01:34] Weighted Error Value: White=0.31/Black=0.55} 1-0